 Dungeon Crawl Stone Soup version 0.18-a0-1267-gff090c1 (webtiles) character file.

28 RedPan the Skirmisher (level 3, -2/30 HPs)
             Began as a Formicid Fighter on Feb 7, 2016.
             Slain by Crazy Yiuf
             ... wielding a +2 quarterstaff of chaos
              (8 damage)
             ... on level 2 of the Dungeon.
             The game lasted 00:01:43 (974 turns).

RedPan the Skirmisher (Formicid Fighter)             Turns: 974, Time: 00:01:43

Health: -2/30      AC:  6    Str: 21    XL:     3   Next: 30%
Magic:  3/3        EV:  7    Int:  7    God:
Gold:   83         SH:  9    Dex: 10    Spells: 0 memorised, 2 levels left

rFire  . . .     SeeInvis +     a - +0 flail
rCold  . . .     Gourm    .     b - +0 scale mail
rNeg   . . .     Faith    .     c - +0 shield
rPois  .         Spirit   .     (helmet unavailable)
rElec  .         Dismiss  .     (no cloak)
rCorr  .         Reflect  .     (no gloves)
SustAt .         Harm     .     (no boots)
MR     +....                    (no amulet)
Stlth  ..........               (no ring)
                                e - ring of protection from magic

@: very slightly contaminated, somewhat resistant to hostile enchantments,
extremely unstealthy
A: permanent stasis, dig shafts and tunnels, four strong arms, antennae 3
a: Dig, Shaft Self


You were on level 2 of the Dungeon.
You were not hungry.

You visited 1 branch of the dungeon, and saw 2 of its levels.

You collected 83 gold pieces.

Inventory:

Hand Weapons
 a - a +0 flail (weapon)
Armour
 b - a +0 scale mail (worn)
 c - a +0 shield (worn)
Jewellery
 e - a ring of protection from magic (left hand)
Wands
 s - a wand of digging (21/24)
Scrolls
 g - a scroll of magic mapping {unknown}
 h - 3 scrolls of remove curse {unknown}
 i - a scroll of fear {unknown}
 j - 2 scrolls of identify {unknown}
 k - a scroll of blinking {unknown}
 l - a scroll of recharging {unknown}
 q - a scroll of enchant armour {unknown}
Potions
 d - a potion of might
 n - a potion of berserk rage {unknown}
 o - a potion of lignification {unknown}
 p - a potion of curing {unknown}
 r - a potion of heal wounds {unknown}
Comestibles
 f - 2 bread rations
 m - 3 fruits


   Skills:
 + Level 4.0 Fighting
 + Level 2.8 Maces & Flails
 - Level 3.2 Armour
 - Level 3.6 Shields


You had 2 spell levels left.
You didn't know any spells.

Dungeon Overview and Level Annotations

Branches:
Dungeon (2/15)

Altars:

Annotations:
D:2 Crazy Yiuf


Innate Abilities, Weirdness & Mutations

You are under a permanent stasis effect.
You can dig through walls and to a lower floor.
Your four strong arms can wield two-handed weapons with a shield.
You have a pair of large antennae on your head (SInv).


Message History

Crazy Yiuf is lightly wounded.
Crazy Yiuf hits you with a quarterstaff of chaos!
Crazy Yiuf hits you with a quarterstaff of chaos.
Crazy Yiuf draws strength from your injuries!
You closely miss Crazy Yiuf.
Crazy Yiuf hits you with a quarterstaff of chaos.
Your shield and scale mail prevent you from hitting Crazy Yiuf.
Crazy Yiuf says, "Walk pizzabubble childish!"
You block Crazy Yiuf's attack.
You hit Crazy Yiuf but do no damage. You block Crazy Yiuf's attack.
You barely miss Crazy Yiuf. Crazy Yiuf closely misses you.
You thump Crazy Yiuf!
Crazy Yiuf is heavily wounded.
Crazy Yiuf hits you with a quarterstaff of chaos.
* * * LOW HITPOINT WARNING * * *
Your stasis keeps you stable.
You are very lightly contaminated with residual magic.
Crazy Yiuf says, "Flower!"
Crazy Yiuf hits you with a quarterstaff of chaos!
You die...

#.####+..+#
#.#.#..####
#.# #....#
##.#(...#
#.# #....#
#...###..#
#####'##
#...##
#...# ##.#
#......#
##.## #.†.#
.# #......#
#.## #.†(#
.# #......#
##.# #..(#
.. #......#
#.## #..(#
#. #......#
##@# #..##
########
#g# #..#
... #...
#...# #..##
#..)# ####
#####


You could see Crazy Yiuf.

Vanquished Creatures
  A worm (D:2)
  2 giant geckos (D:1)
  A giant cockroach (D:1)
  2 goblins (D:1)
  10 kobolds
  3 bats (D:1)
  2 giant newts
  2 rats (D:1)
23 creatures vanquished.

Notes
Turn   | Place    | Note
--------------------------------------------------------------
     0 | D:1      | RedPan the Formicid Fighter began the quest for the Orb.
     0 | D:1      | Reached XP level 1. HP: 18/18 MP: 1/1
   197 | D:1      | Reached XP level 2. HP: 24/24 MP: 2/2
   751 | D:1      | Reached XP level 3. HP: 30/30 MP: 3/3
   902 | D:2      | Reached skill level 4 in Fighting
   966 | D:2      | Noticed Crazy Yiuf
   974 | D:2      | Slain by Crazy Yiuf

Vault maps used:
D:1:      dpeg_arrival_arbitrary_b
D:2:      uniq_crazy_yiuf_cottage

Action                   || total
-------------------------++-------
Melee: Flail             ||    74
